 Dungeon Crawl Stone Soup version 0.21-a0-630-g344d351 (webtiles) character file.

27992 4thArraOfDagon the Earth Mage (level 13, 0/79 HPs)
             Began as a Barachi Earth Elementalist on Dec 26, 2017.
             Was an Elder of Ru.
             Killed from afar by a wretched star (23 damage)
             ... with an orb of energy
             ... on level 2 of the Abyss.
             The game lasted 00:48:47 (6823 turns).

4thArraOfDagon the Earth Mage (BaEE)                Turns: 6823, Time: 00:48:48

Health: 0/79       AC:  6    Str:  9    XL:     13   Next: 36%
Magic:  15/36      EV: 12    Int: 23    God:    Ru [****..]
Gold:   397        SH:  0    Dex: 13    Spells: 16/32 levels left

rFire    + . .     SeeInvis .   c - +0 short sword (elec)
rCold    + . .     Gourm    .   (no shield)
rNeg     . . .     Faith    .   Q - +2 robe {rC+ rF+}
rPois    .         Spirit   .   q - +0 helmet
rElec    .         Reflect  .   P - scarf {rC+ rF+}
rCorr    .         Harm     .   o - +0 pair of gloves
MR       .....                  (no boots)
Stlth    ++........             (no amulet)
HPRegen  0.23/turn              G - ring of magical power
MPRegen  0.25/turn              z - +2 ring of intelligence

@: drained, slow
A: +LOS, swims, slowness 1, inability to train armour, temperature sensitive,
strong legs 2
a: Hop, Draw Out Power, Power Leap, Renounce Religion


You were on level 2 of the Abyss.
You worshipped Ru.
Ru was greatly pleased with you.
You were not hungry.

You visited 1 branch of the dungeon, and saw 15 of its levels.
You visited the Abyss 1 time.

You collected 771 gold pieces.
You spent 374 gold pieces at shops.

Inventory:

Hand Weapons
 a - a +0 club
 c - a +0 short sword of electrocution (weapon)
 f - a +0 short sword
 h - a +1 trident
 i - a +2 trident of distortion
Missiles
 b - 95 stones (quivered)
 t - 8 curare-tipped needles
Armour
 o - a +0 pair of gloves (worn)
 q - a +0 helmet (worn)
 v - a +0 ring mail of poison resistance
 P - a scarf of resistance (worn)
 Q - a +2 robe of resistance (worn)
Magical Staves
 L - an uncursed staff of death
Jewellery
 g - an uncursed ring of fire
 x - an uncursed ring of poison resistance
 z - a +2 ring of intelligence (right hand)
 G - a ring of magical power (left hand)
Wands
 A - a wand of acid (2)
Scrolls
 k - 3 scrolls of enchant weapon
 m - a scroll of summoning {unknown}
 p - 2 scrolls of fear
 r - a scroll of teleportation
 s - 2 scrolls of magic mapping
 u - a scroll of vulnerability {unknown}
 w - a scroll of noise {unknown}
 y - a scroll of blinking
 F - a scroll of immolation {unknown}
 H - 2 scrolls of remove curse
Potions
 j - a potion of curing
 n - 3 potions of lignification
 B - 2 potions of might {unknown}
 C - a potion of brilliance {unknown}
 D - 4 potions of flight {unknown}
 E - a potion of invisibility {unknown}
 I - 2 potions of agility
 J - a potion of haste
 K - a potion of heal wounds
 M - 2 potions of berserk rage
 O - a potion of resistance
Books
 e - a book of Geomancy

   Spells                             Type                      Level
   a - Sandblast                      Earth                        1
   b - Passwall                       Transmutation/Earth          2
   c - Stone Arrow                    Conjuration/Earth            3
   d - Petrify                        Transmutation/Earth          4
   e - Lee's Rapid Deconstruction     Earth                        5
 l - a book of Minor Magic

   Spells                             Type                      Level
   a - Magic Dart                     Conjuration                  1
   b - Blink                          Translocation                2
   c - Call Imp                       Summoning                    2
   d - Slow                           Hexes                        2
   e - Conjure Flame                  Conjuration/Fire             3
   f - Mephitic Cloud                 Conjuration/Poison/Air       3
Comestibles
 d - 15 rations


   Skills:
 - Level 2.1(1.9) Dodging
 * Level 2.8(2.5) Stealth
 - Level 10.1(9.8) Spellcasting
 - Level 1.1(0.8) Transmutations
 - Level 18.6(18.2) Earth Magic


You had 16 spell levels left.
You knew the following spells:

 Your Spells              Type           Power        Failure   Level  Hunger
a - Sandblast             Erth           ######       0%          1    None
b - Stone Arrow           Conj/Erth      ######       1%          3    None
c - Lee's Rapid Deconstr  Erth           #######...   1%          5    ####...
d - Blink                 Tloc           N/A          9%          2    None
e - Passwall              Tmut/Erth      ######....   1%          2    None
f - Conjure Flame         Conj/Fire      ##......     17%         3    None


Dungeon Overview and Level Annotations

Branches:
Dungeon (15/15)            Temple (0/1) D:6             Orc (0/2) D:12
   Lair: D:8-11      Vaults: D:13-14     Depths: D:15

Altars:
Ashenzari
Dithmenos
Fedhas
Hepliaklqana
Nemelex Xobeh
Qazlal
Ru
Wu Jian

Shops:
D:8 }   D:13 [

Portals:
Trove: D:10 (give +3 ice dragon scales)

Annotations:
D:3 2 transporters


Innate Abilities, Weirdness & Mutations

Shadows flee at your approach. (+LOS)
You can swim through water.
You cover ground slowly.
You cannot train Armour skill.
You are sensitive to extremes of temperature. (rF-, rC-)
You can hop long distances.


Message History

Unknown command.
Casting: Sandblast
Confirm with . or Enter, or press ? or * to list all spells.
Aiming: Lee's Rapid Deconstruction
Press: ? - help, Dir - move target cursor The metal wall shatters!
The blast of metal fragments hits the wretched star.
The wretched star is almost destroyed.
The wretched star glows turbulently.
The orb of energy misses you.
Unknown command.
Unknown command.
Casting: Lee's Rapid Deconstruction
Confirm with . or Enter, or press ? or * to list all spells.
You can't see any susceptible monsters within range! (Use Z to cast anyway.) Unknown command.
Unknown command.
The wretched star glows turbulently.
The orb of energy hits you!
You die...

#. .# #.#. #.#
#.. ## ##
....#... ###.#
..##.
#..#.####@.#
..# ##.#
#.*...#.## ..
..# ##.# .#*##
. .. ..
#...#..# #
###..#*.###.##
...#.#..## ###
#..#...##.#
#...#...###
...#####[ #


You could see a wretched star.

Vanquished Creatures
  A hydra (D:14)
  2 vault guards (D:13)
  5 two-headed ogres
  3 tengu warriors (D:13)
  3 skeletal warriors (D:14)
  An unseen horror (D:12)
  2 deep elf archers (D:13)
  A deep elf mage (D:12)
  2 cyclopes
  4 ugly things
  2 manticores (D:13)
  A centaur zombie (D:12)
  A smoke demon (Abyss:2)
  A kobold demonologist (D:12)
  A gargoyle (D:13)
  A tengu conjurer (D:13)
  2 trolls
  2 hornets
  A raiju (Abyss:2)
  Prince Ribbit (D:6)
  2 hippogriffs
  A shadow (D:11)
  A vampire (D:14)
  A ynoxinul (Abyss:2)
  3 wyverns
  Sigmund (D:5)
  4 wraiths
  13 yaks
  2 hungry ghosts
  A basilisk (D:13)
  2 soldier ants
  A steam dragon (D:12)
  2 water moccasins
  An orc warrior (D:10)
  4 sky beasts
  2 eyes of draining
  A hornet zombie (D:14)
  A black bear (D:10)
  4 ogres
  3 necrophages
  2 phantoms
  7 centaurs
  4 big kobolds (D:12)
  9 bullfrogs
  A wyvern zombie (D:13)
  4 scorpions
  7 wights
  2 howler monkeys (D:13)
  5 crimson imps
  3 quasits
  A bullfrog zombie (D:12)
  7 hounds
  5 bullfrog skeletons
  3 jellies
  7 centaur skeletons
  2 orc priests
  3 iguanas
  11 orc wizards
  11 worker ants
  A hound zombie (D:11)
  A howler monkey zombie (D:11)
  A worker ant zombie (D:7)
  A howler monkey skeleton (D:6)
  7 adders
  5 shadow imps
  2 worms (D:3)
  A leopard gecko (D:11)
  39 orcs
  A ball python (D:8)
  5 bats
  4 giant cockroaches
  7 goblins
  7 hobgoblins
  15 kobolds
  2 quokkas
  4 frilled lizards
  A jackal zombie (D:5)
  A leopard gecko skeleton (D:5)
  7 rats
293 creatures vanquished.

Vanquished Creatures (others)
  An orc wizard (D:4)
1 creature vanquished.

Grand Total: 294 creatures vanquished

Notes
Turn   | Place    | Note
-------+----------+-------------------------------------------
     0 | D:1      | 4thArraOfDagon the Barachi Earth Elementalist began the quest for the Orb.
     0 | D:1      | Reached XP level 1. HP: 13/13 MP: 3/3
    58 | D:1      | Reached XP level 2. HP: 6/19 MP: 0/5
   260 | D:3      | Found a sparkling altar of Nemelex Xobeh.
   289 | D:3      | Found a sacrificial altar of Ru.
   292 | D:3      | Became a worshipper of Ru the Awakened
   301 | D:3      | Reached XP level 3. HP: 13/24 MP: 2/7
   318 | D:3      | Reached skill level 4 in Earth Magic
   318 | D:3      | Reached XP level 4. HP: 12/30 MP: 0/8
   614 | D:3      | Found a transporter.
   617 | D:3      | Found a transporter.
   618 | D:3      | Noticed a centaur
   629 | D:3      | Found a hazy altar of Hepliaklqana.
   649 | D:3      | Learned a level 3 spell: Stone Arrow
   717 | D:3      | Reached XP level 5. HP: 6/35 MP: 1/10
   800 | D:3      | Reached skill level 5 in Earth Magic
   926 | D:3      | Learned a level 5 spell: Lee's Rapid Deconstruction
  1021 | D:5      | Entered Level 5 of the Dungeon
  1021 | D:5      | Noticed Sigmund
  1025 | D:4      | Noticed an ogre
  1028 | D:4      | Killed an ogre
  1028 | D:4      | Reached XP level 6. HP: 40/41 MP: 7/11
  1075 | D:5      | Found a blossoming altar of Fedhas.
  1127 | D:4      | Noticed a necrophage
  1132 | D:4      | Killed a necrophage
  1132 | D:4      | Reached skill level 6 in Earth Magic
  1143 | D:4      | Gained mutation: You cannot train Armour skill. [Ru sacrifice]
  1143 | D:4      | Reached * piety under Ru
  1211 | D:5      | Killed Sigmund
  1211 | D:5      | Reached XP level 7. HP: 8/46 MP: 2/14
  1224 | D:5      | HP: 2/46 [poisoned by an adder]
  1230 | D:5      | HP: 1/46 [poisoned by an adder]
  1322 | D:6      | Noticed Prince Ribbit
  1369 | D:5      | Reached skill level 5 in Spellcasting
  1369 | D:5      | Reached skill level 7 in Earth Magic
  1817 | D:2      | Found a shattered altar of Ashenzari.
  1942 | D:5      | Reached XP level 8. HP: 48/52 MP: 10/16
  1974 | D:5      | Learned a level 2 spell: Blink
  2048 | D:5      | Reached skill level 8 in Earth Magic
  2308 | D:6      | Killed Prince Ribbit
  2308 | D:6      | Reached skill level 9 in Earth Magic
  2369 | D:6      | Found a shadowy altar of Dithmenos.
  2380 | D:6      | Gained mutation: You are sensitive to extremes of temperature. (rF-, rC-) [Ru sacrifice]
  2380 | D:6      | Reached ** piety under Ru
  2380 | D:6      | Reached *** piety under Ru
  2380 | D:6      | Reached **** piety under Ru
  2430 | D:6      | Found a staircase to the Ecumenical Temple.
  2439 | D:6      | Reached XP level 9. HP: 53/57 MP: 5/19
  2565 | D:7      | Reached skill level 10 in Earth Magic
  2811 | D:8      | Found Lawan's Gadget Shop.
  2839 | D:8      | Found a stormy altar of Qazlal.
  3002 | D:7      | Reached skill level 11 in Earth Magic
  3404 | D:10     | Entered Level 10 of the Dungeon
  3404 | D:10     | Noticed a death yak
  3404 | D:10     | Noticed a death yak
  3406 | D:10     | Noticed a death yak
  3591 | D:9      | Noticed a two-headed ogre
  3594 | D:9      | Killed a two-headed ogre
  3594 | D:9      | Reached XP level 10. HP: 51/63 MP: 9/22
  3613 | D:9      | Learned a level 2 spell: Passwall
  3617 | D:9      | Learned a level 3 spell: Conjure Flame
  3701 | D:10     | Noticed a two-headed ogre
  3707 | D:10     | Killed a two-headed ogre
  3707 | D:10     | Reached skill level 12 in Earth Magic
  3760 | D:10     | Found an ornate altar of the Wu Jian Council.
  3783 | D:10     | Found a portal to a secret trove of treasure.
  3975 | D:12     | Noticed a cyclops
  4052 | D:12     | Noticed a white ugly thing
  4202 | D:11     | Reached skill level 13 in Earth Magic
  4251 | D:11     | Reached XP level 11. HP: 67/68 MP: 16/24
  4252 | D:11     | Noticed a brown ugly thing
  4264 | D:11     | Killed a brown ugly thing
  4276 | D:11     | Reached skill level 10 in Spellcasting
  4382 | D:11     | Noticed a two-headed ogre
  4499 | D:11     | Killed a two-headed ogre
  4499 | D:11     | Reached skill level 14 in Earth Magic
  4642 | D:12     | 4thArraOfDagon: ??Lee
  4642 | D:12     | beem: I don't have a page labeled Lee in my learndb. Did you mean: ee, bees, lies.
  4734 | D:12     | Killed an unseen horror
  4953 | D:12     | Paralysed by a hornet for 1 turns
  5078 | D:12     | Reached skill level 15 in Earth Magic
  5081 | D:12     | Noticed a two-headed ogre
  5119 | D:12     | Killed a two-headed ogre
  5143 | D:12     | Noticed a white ugly thing
  5153 | D:12     | Killed a white ugly thing
  5157 | D:12     | Killed a white ugly thing
  5165 | D:12     | Noticed a skeletal warrior
  5173 | D:12     | Noticed a skeletal warrior
  5217 | D:12     | Noticed a purple ugly thing
  5218 | D:12     | Noticed a five-headed hydra
  5224 | D:12     | Noticed a green ugly thing
  5235 | D:12     | Killed a green ugly thing
  5235 | D:12     | Reached XP level 12. HP: 23/74 MP: 0/26
  5385 | D:12     | Reached skill level 16 in Earth Magic
  5409 | D:12     | Noticed a two-headed ogre
  5414 | D:12     | Killed a two-headed ogre
  5500 | D:12     | Found a staircase to the Orcish Mines.
  5564 | D:13     | Found Betuxal's Antique Armour Boutique.
  5567 | D:13     | Bought an embroidered scarf for 256 gold pieces
  5567 | D:13     | Bought a runed robe for 118 gold pieces
  5728 | D:13     | Noticed a vault guard
  5805 | D:13     | Killed a vault guard
  5918 | D:13     | Reached skill level 17 in Earth Magic
  5941 | D:13     | Noticed a tengu warrior
  5945 | D:13     | Killed a tengu warrior
  5946 | D:13     | Noticed a tengu warrior
  5946 | D:13     | Noticed a tengu warrior
  6069 | D:13     | Noticed a vault guard
  6080 | D:13     | Killed a vault guard
  6122 | D:13     | Killed a tengu warrior
  6122 | D:13     | Killed a tengu warrior
  6122 | D:13     | Gained mutation: You can hop long distances. [Barachi growth]
  6122 | D:13     | Reached XP level 13. HP: 65/79 MP: 5/27
  6194 | D:13     | Reached skill level 18 in Earth Magic
  6330 | D:15     | Entered Level 15 of the Dungeon
  6647 | D:15     | Cast into level 2 of the Abyss (a distortion unwield)
  6713 | Abyss:2  | Noticed a balrug
  6762 | Abyss:2  | Noticed a balrug
  6823 | Abyss:2  | Killed from afar by a wretched star

Vault maps used:
D:1:      tarquinn_simple_flora_water_d, minmay_octomino_c4
D:2:      wad_river_or_something, ashenzari_conservatory_becter, first_ration,
          nicolae_tso_carved_into_rock
D:3:      nemelex_xobeh_ov_fountains_minmay, gammafunk_temple_overflow_arena,
          overflow_temple_1_default
D:5:      kennysheep_mini, uniq_sigmund
D:6:      nicolae_dithmenos_shadow_blocks, minmay_temple_entry_glass,
          uniq_prince_ribbit1
D:7:      st_stairs_7, grunt_ministairs_7, grunt_livestock, dk_noncrumbling_3,
          roderic_lattice_a
D:8:      lemuel_round_altar, serial_shops, shop, kennysheep_generic_room_6
D:10:     dpeg_lair_monsters, nicolae_trove_entry_crystal, basic_altar,
          uniq_psyche, uniq_nergalle
D:11:     nicolae_wwwww
D:12:     kennysheep_orc_monster_closet_entryway
D:13:     grunt_vaults_entry_fortified, serial_shops, shop
D:14:     hangedman_decor_diamond_cutter, st_stairs_7, corner_web_ring
D:15:     hangedman_depths_entry_try_elsewhere_first, serial_bayou_pond_d

Skill      XL: |  1  2  3  4  5  6  7  8  9 10 11 12 13 |
---------------+----------------------------------------+-----
Spellcasting   | 3 4 5 6 8 9 10 | 10.1
Earth Magic    | 4 5 6 7 9 11 13 15 17 18 | 18.6
Stealth        | 2 |  2.8
Dodging        | |  2.1
Transmutations | |  1.1

Action                   |  1- 3 |  4- 6 |  7- 9 | 10-12 | 13-15 || total
-------------------------+-------+-------+-------+-------+-------++-------
Melee: Club              |    11 |    29 |       |       |       ||    40
       Short sword       |     8 |     6 |       |     6 |    16 ||    36
       Trident           |       |     9 |    60 |    13 |       ||    82
 Cast: Sandblast         |    24 |    56 |    73 |   122 |    50 ||   325
       Stone Arrow       |       |     7 |    10 |    14 |     2 ||    33
       Lee's Rapid Decon |       |       |    30 |    82 |    15 ||   127
       Passwall          |       |       |       |     2 |     2 ||     4
Invok: Sacrifice Durabil |       |     1 |       |       |       ||     1
       Sacrifice Resista |       |       |     1 |       |       ||     1
       Draw Out Power    |       |       |     2 |    12 |     3 ||    17
       Reject Sacrifices |       |       |     1 |       |     1 ||     2
 Abil: Hop               |     1 |     2 |     2 |     5 |       ||    10
Evoke: Wand              |       |       |       |     5 |       ||     5
  Use: Potion            |       |     2 |     2 |     2 |     1 ||     7
       Scroll            |       |     2 |     2 |     6 |     1 ||    11
  Eat: Chunk             |       |     1 |    13 |    12 |     4 ||    30
       Ration            |       |       |     2 |     3 |     1 ||     6
Armor: Robe              |    11 |    21 |    33 |    26 |    19 ||   110
Dodge: Dodged            |    32 |    74 |    62 |    66 |    35 ||   269

Table legend:
 A = Spawn XP
 B = Non-spawn XP
 C = Spawn XP percentage of total XP
 D = Spawn monster count
 E = Non-spawn monster count
 F = Spawn count percentage of total count
 G = Total turns spent on level
                    A         B        C        D         E        F      G
               +---------+---------+-------+---------+---------+-------+---------
         Total |       0 |   39989 |   0.0 |       0 |     294 |   0.0 |  6823
               +---------+---------+-------+---------+---------+-------+---------
           D:1 |       0 |      32 |   0.0 |       0 |      20 |   0.0 |   292
           D:2 |       0 |      37 |   0.0 |       0 |      13 |   0.0 |   311
           D:3 |       0 |     157 |   0.0 |       0 |      30 |   0.0 |   747
           D:4 |       0 |     476 |   0.0 |       0 |      10 |   0.0 |   334
           D:5 |       0 |     894 |   0.0 |       0 |      24 |   0.0 |   498
           D:6 |       0 |     831 |   0.0 |       0 |      17 |   0.0 |   305
           D:7 |       0 |     680 |   0.0 |       0 |      11 |   0.0 |   387
           D:8 |       0 |    1093 |   0.0 |       0 |      24 |   0.0 |   420
           D:9 |       0 |    1200 |   0.0 |       0 |       4 |   0.0 |   382
          D:10 |       0 |    1617 |   0.0 |       0 |      10 |   0.0 |   161
          D:11 |       0 |    5559 |   0.0 |       0 |      30 |   0.0 |   792
          D:12 |       0 |    9231 |   0.0 |       0 |      47 |   0.0 |   876
          D:13 |       0 |   11168 |   0.0 |       0 |      29 |   0.0 |   752
          D:14 |       0 |    5548 |   0.0 |       0 |      19 |   0.0 |   346
          D:15 |       0 |     427 |   0.0 |       0 |       2 |   0.0 |    44
       Abyss:2 |       0 |    1039 |   0.0 |       0 |       4 |   0.0 |   176
               +---------+---------+-------+---------+---------+-------+---------
